[Event "Team 45 45 League T57"]
[Site "Internet Chess Club"]
[Date "2013.06.07"]
[Round "3"]
[White "calsal"]
[Black "drsigmund1"]
[Result "1-0"]
[WhiteElo "1562"]
[BlackElo "1529"]
[Opening "French: Réti (Spielmann) variation"]
[ECO "C00"]
[Time "23:30:11"]
[TimeControl "2700+45"]

1. e4 e6 2. b3 d5 3. Bb2 Nf6 4. e5 Nfd7 5. Qg4 c5 6. f4 d4 7. Nf3 Nc6 8. Na3 Nb6
9. O-O-O g6 10. h4 h5 11. Qg3 Rg8 12. Ng5 Nd5 13. Be2 Nce7 14. Ne4 Nf5 15. Qf2
Nb4 16. Nf6+ Ke7 17. Nxg8+ Kd7 18. Nf6+ Kc7 19. Kb1 a5 20. Nb5+ Kb8 21. a3 d3
22. cxd3 Nxd3 23. Qf3 Nxb2 24. Kxb2 Nd4 25. Qd3 Qe7 26. Nd6 a4 27. b4 b6 28. Rc1
Nb3 29. Qb5 Nxc1 30. Qxb6+ Bb7 31. Rxc1 Bg7 32. Qxb7+ Qxb7 33. Nxb7 Kxb7 34.
Bf3+ Ka7 35. Bxa8 Kxa8 36. Rxc5 {Black resigns} 1-0

[Event "Team 45 45 League T57"]
[Site "Internet Chess Club"]
[Date "2013.06.10"]
[Round "3"]
[White "bat30"]
[Black "koni"]
[Result "0-1"]
[WhiteElo "1864"]
[BlackElo "1911"]
[Opening "Philidor: Improved Hanham variation"]
[ECO "B07"]
[Time "02:02:53"]
[TimeControl "2700+45"]

1. e4 d6 2. d4 Nf6 3. Nc3 e5 4. Nf3 Nbd7 5. g4 h6 6. g5 hxg5 7. Nxg5 exd4 8.
Qxd4 c6 9. Bf4 Ng4 10. Be2 Qb6 11. Qxb6 Nxb6 12. Bg3 Ne5 13. O-O-O f6 14. f4 Ng4
15. Nf3 d5 16. exd5 Ne3 17. Rde1 Nbxd5 18. Nxd5 Nxd5 19. Bd3+ Kf7 20. f5 Bc5 21.
Nd2 Bd7 22. Ne4 Bf8 23. Nd6+ Bxd6 24. Bxd6 Rae8 25. Kd2 b5 26. b3 Ne7 27. Bxe7
Rxe7 28. Rxe7+ Kxe7 29. Re1+ Kd6 30. Re2 Rh5 31. Rg2 Rg5 32. Rf2 c5 33. Ke3 Ke5
34. Rf4 Bxf5 35. Bxb5 Rg2 36. Ra4 Rxh2 37. Rxa7 g5 38. Re7+ Kd6 39. Rf7 Rh3+ 40.
Kd2 Ke5 41. Re7+ Kf4 42. a4 Rh2+ 43. Re2 Rxe2+ 44. Bxe2 g4 45. Bd3 g3 46. Ke2
Bg4+ 47. Kf1 f5 48. Bc4 Bf3 49. Bd3 Ke5 50. a5 f4 51. c3 Bd5 52. b4 cxb4 53.
cxb4 f3 54. a6 Kd4 55. Bb5 Ke3 {White resigns} 0-1

[Event "Team 45 45 League T57"]
[Site "Internet Chess Club"]
[Date "2013.06.05"]
[Round "3"]
[White "Nathan-L"]
[Black "HumanTornado"]
[Result "1/2-1/2"]
[WhiteElo "1845"]
[BlackElo "2045"]
[Opening "Queen's pawn: Torre attack"]
[ECO "A46"]
[Time "19:10:28"]
[TimeControl "2700+45"]

1. Nf3 Nf6 2. d4 e6 3. Bg5 d5 4. e3 Nbd7 5. Bd3 c5 6. c3 Qb6 7. Qb3 Qc7 8. Bb5
Ne4 9. Bf4 Bd6 10. Bxd6 Qxd6 11. O-O O-O 12. Bxd7 Bxd7 13. Nbd2 Nxd2 14. Nxd2
cxd4 15. exd4 Rfc8 16. Rfe1 b5 17. Nf3 f6 18. a3 Be8 19. Re3 Rab8 20. Rae1 Bf7
21. Qb4 Qc7 22. g3 a5 23. Qb3 Qc4 24. Nd2 Qc6 25. f4 b4 26. axb4 axb4 27. cxb4
Qc2 28. R3e2 Qxb3 29. Nxb3 Rc4 30. Nc5 Rxd4 31. Nxe6 Rdxb4 32. Rd2 R4b6 33. f5
Bxe6 34. fxe6 Rd6 35. e7 Kf7 36. Rde2 Re8 37. Kf2 Rd7 38. Rd2 Rexe7 39. Rxe7+
Kxe7 40. b4 Kd6 41. Rb2 Re7 42. b5 Kc7 43. Rd2 Re5 44. Rd4 Kb6 45. Rb4 Re4 46.
Rb1 h5 47. Rd1 d4 48. Kf3 f5 49. Rb1 g5 50. h3 Re3+ 51. Kf2 Re4 52. Kf3 Re5 53.
Rd1 Rd5 54. g4 h4 55. gxf5 Rxf5+ 56. Ke4 Rf4+ 57. Ke5 Rf3 58. Kxd4 Rxh3 59. Rg1
Rg3 60. Rxg3 hxg3 61. Ke3 g4 62. Ke2 g2 63. Kf2 g3+ 64. Kxg2 Kxb5 65. Kxg3 {Game
drawn because neither player has mating material} 1/2-1/2

[Event "Team 45 45 League T57"]
[Site "Internet Chess Club"]
[Date "2013.06.15"]
[Round "3"]
[White "vvsi"]
[Black "subterfuge"]
[Result "1-0"]
[WhiteElo "1728"]
[BlackElo "1753"]
[Opening "Caro-Kann: Panov-Botvinnik attack, 5...e6"]
[ECO "B14"]
[Time "22:01:46"]
[TimeControl "2700+45"]

1. e4 c6 2. d4 d5 3. exd5 cxd5 4. c4 Nf6 5. Nc3 e6 6. Nf3 Be7 7. cxd5 Nxd5 8.
Bd3 Nc6 9. O-O h6 10. Re1 Bd7 11. Nxd5 exd5 12. h3 O-O 13. Bd2 Bf6 14. Be3 Re8
15. Qd2 Be6 16. Rac1 Rc8 17. Bb1 Ne7 18. Rxc8 Qxc8 19. Rc1 Qd8 20. Ne5 Qb6 21.
b3 Nf5 22. Bxf5 Bxf5 23. g4 Be6 24. f4 Rc8 25. f5 Re8 26. fxe6 Qxe6 27. Bf4 h5
28. Qg2 Qb6 29. Kh1 g5 30. Bh2 Qxd4 31. Nf3 Qd3 32. Re1 Rc8 33. Qe2 Qg6 34. Rd1
Rc2 35. Rd2 Rc1+ 36. Kg2 hxg4 37. hxg4 Kg7 38. Qd3 Qh6 39. Rc2 Ra1 40. Qxd5 Qh7
41. Re2 Qb1 42. Ne1 Rxa2 43. Rxa2 Qxa2+ 44. Kh3 Qf2 45. Nf3 Qf1+ 46. Kg3 Qc1 47.
Qxb7 Qc3 48. Qd5 a5 49. Kh3 Qa1 50. Bc7 Qf1+ 51. Kg3 Qh1 52. Bxa5 Qc1 53. Qc4
Be5+ 54. Nxe5 Qg1+ 55. Kf3 Qh1+ 56. Ke3 Qg1+ 57. Ke4 Qg2+ 58. Kd4 Qf2+ 59. Kd5
Qf6 60. Qc3 Qxe5+ 61. Qxe5+ {Black resigns} 1-0

[Event "Team 45 45 League T57"]
[Site "Internet Chess Club"]
[Date "2013.06.08"]
[Round "3"]
[White "kabindra"]
[Black "Hal2001"]
[Result "1-0"]
[WhiteElo "1726"]
[BlackElo "1606"]
[Opening "Robatsch (modern) defense"]
[ECO "B06"]
[Time "15:01:38"]
[TimeControl "2700+45"]

1. e4 g6 2. d4 Bg7 3. Nf3 c5 4. c3 cxd4 5. cxd4 d5 6. e5 Bg4 7. h3 Bxf3 8. Qxf3
Nc6 9. Be3 Nh6 10. Nc3 e6 11. Bd3 O-O 12. O-O f6 13. Qg3 f5 14. f4 Qb6 15. Qf2
Nb4 16. Bb1 Rfc8 17. a3 Nc6 18. Bd3 Qb3 19. Rad1 a6 20. Bc2 Qb6 21. Na4 Qc7 22.
Nc5 Qe7 23. Bd3 Na5 24. b4 Nc4 25. Bxc4 dxc4 26. Na4 Rc6 27. d5 exd5 28. Rxd5 b5
29. Nc3 Nf7 30. Bc5 Qe8 31. Rfd1 Rd8 32. Rxd8 Nxd8 33. Qf3 Ne6 34. Bd6 Nc7 35.
Ne2 Ne6 36. Qd5 Kh8 37. Qf3 Qd7 38. Nc3 Nc7 39. Bf8 Qe8 40. Be7 Ne6 41. Nd5 Rc8
42. Bh4 Qf7 43. Nb6 Rc7 44. Qa8+ Qg8 45. Bd8 Rc6 46. Qxc6 {Black resigns} 1-0

[Event "Team 45 45 League T57"]
[Site "Internet Chess Club"]
[Date "2013.06.08"]
[Round "3"]
[White "bmw2002"]
[Black "evan7284"]
[Result "1/2-1/2"]
[WhiteElo "1591"]
[BlackElo "1736"]
[Opening "English opening"]
[ECO "A20"]
[Time "05:12:56"]
[TimeControl "2700+45"]

1. c4 e5 2. g3 Nc6 3. Bg2 f5 4. Nc3 Bb4 5. a3 Bxc3 6. bxc3 Nf6 7. d3 d6 8. Nh3
O-O 9. O-O h6 10. f4 e4 11. d4 Bd7 12. Qb3 b6 13. c5+ d5 14. cxb6 cxb6 15. Nf2
Na5 16. Qd1 Rc8 17. Bd2 Nc4 18. e3 Qc7 19. Qc2 Nxd2 20. Qxd2 Qxc3 21. Qe2 Qc4
22. Qb2 Qc2 23. Qb4 Qc3 24. Nd1 Qxb4 25. axb4 Rc7 26. Rf2 Bb5 27. Rfa2 a6 28.
Bf1 Rfc8 29. Bh3 g6 30. Nb2 Rc2 31. Na4 Rxa2 32. Rxa2 Bxa4 33. Rxa4 Ra8 34. Bf1
a5 35. Bb5 Ng4 36. Ra3 Rc8 37. h3 Rc1+ 38. Kg2 Rc2+ 39. Kg1 Rc1+ 40. Kg2 Rc2+
{Game drawn by mutual agreement} 1/2-1/2

[Event "Team 45 45 League T57"]
[Site "Internet Chess Club"]
[Date "2013.06.08"]
[Round "3"]
[White "arnx813"]
[Black "Mitochondria"]
[Result "1-0"]
[WhiteElo "1316"]
[BlackElo "1452"]
[Opening "Sicilian: dragon variation"]
[ECO "B70"]
[Time "22:01:39"]
[TimeControl "2700+45"]

1. e4 c5 2. Nf3 d6 3. d4 cxd4 4. Nxd4 Nf6 5. Nc3 g6 6. Bd3 Bg7 7. Nb3 O-O 8. Be3
Nc6 9. O-O Bd7 10. h3 Qc7 11. f4 a6 12. Qf3 b5 13. a4 Nb4 14. a5 Nxd3 15. cxd3
Rfc8 16. Bb6 Qb7 17. Rfe1 e6 18. g4 Bh8 19. Qg3 Ne8 20. d4 Rc4 21. e5 dxe5 22.
fxe5 Nc7 23. Nc5 Qc8 24. Qf3 Nd5 25. N3e4 Nxb6 26. Nd6 Qf8 27. axb6 Rxc5 28.
dxc5 f6 29. c6 Bxc6 30. Qxc6 fxe5 31. b7 e4 32. bxa8=Q {Black resigns} 1-0

[Event "Team 45 45 League T57"]
[Site "Internet Chess Club"]
[Date "2013.06.08"]
[Round "3"]
[White "Zyme"]
[Black "g8wrb"]
[Result "1/2-1/2"]
[WhiteElo "1391"]
[BlackElo "1454"]
[Opening "Nimzo-Indian defense"]
[ECO "E20"]
[Time "06:00:05"]
[TimeControl "2700+45"]

1. d4 Nf6 2. c4 e6 3. Nc3 Bb4 4. Bd2 O-O 5. Nf3 b6 6. e4 Bb7 7. Bd3 Bxc3 8. bxc3
Nxe4 9. O-O Nxd2 10. Qxd2 h6 11. Qe3 Qf6 12. Be4 Bxe4 13. Qxe4 Nc6 14. Rac1 Rfe8
15. Rfe1 Qe7 16. Qf4 Qd6 17. Qe4 Qa3 18. Rc2 Qa4 19. Qd3 Na5 20. Re4 Qxc4 21.
Qe3 Qb5 22. Re2 Nc4 23. Qd3 Nd6 24. Qxb5 Nxb5 25. Rc2 Nd6 26. Rf4 a5 27. Ne5 Re7
28. Re2 c6 29. Kf1 b5 30. Re3 Nf5 31. Ref3 Rf8 32. g4 g5 33. Re4 Nh4 34. Rfe3 f6
35. Nd3 Rfe8 36. Nc5 Kf7 37. Nb7 Kg6 38. Nxa5 d5 39. Nxc6 dxe4 40. Nxe7+ Rxe7
41. Rxe4 f5 42. gxf5+ Nxf5 43. Re5 Nd6 44. Ke2 Kf6 45. Kd3 Ra7 46. Re2 Ra3 47.
Rb2 b4 48. Rxb4 Rxa2 49. Rb6 Ke7 50. c4 Rxf2 51. c5 Nc8 52. Rb8 Kd7 53. Rb7+ Kd8
54. Rg7 Rxh2 55. Rg8+ Kc7 56. Rg7+ Kb8 57. Rg6 Kc7 58. Rxe6 h5 59. d5 Rf2 60.
Rh6 h4 61. Rh7+ Kb8 62. d6 Nxd6 63. cxd6 Kc8 64. Ke3 Rf6 65. Rg7 h3 66. Rxg5
Rxd6 67. Rh5 Rb6 68. Kf2 Rb3 69. Kg1 Rb1+ 70. Kh2 Kd7 71. Kxh3 Rh1+ 72. Kg4 Rxh5
73. Kxh5 {Game drawn because neither player has mating material} 1/2-1/2

[Event "Team 45 45 League T57"]
[Site "Internet Chess Club"]
[Date "2013.06.14"]
[Round "3"]
[White "guyd52"]
[Black "AlPearson"]
[Result "1-0"]
[WhiteElo "1373"]
[BlackElo "1327"]
[Opening "Réti: King's Indian attack"]
[ECO "A05"]
[Time "19:58:07"]
[TimeControl "2700+45"]

1. Nf3 Nf6 2. g3 g6 3. Bg2 Bg7 4. d3 O-O 5. Nbd2 d6 6. O-O e5 7. e4 Nc6 8. a3
Bd7 9. b4 Qc8 10. Nb3 Bh3 11. c4 Ne7 12. Be3 Kh8 13. Rc1 Bxg2 14. Kxg2 Ng4 15.
Bg5 f6 16. Bd2 g5 17. h3 Nh6 18. g4 Qe8 19. Rh1 Ng6 20. c5 Rc8 21. Be3 Nf4+ 22.
Kg3 Qe6 23. cxd6 cxd6 24. Na5 Qa2 25. Ra1 Qf7 26. Bxa7 Rc3 27. d4 Rfc8 28. dxe5
Rd3 29. e6 Qxe6 30. Qf1 Qxe4 31. Be3 Rcc3 32. Rc1 Nf5+ 33. gxf5 Nh5+ 34. Kg2 g4
35. Rxc3 Qxf3+ 36. Kg1 Rxc3 37. Qg2 Qxg2+ 38. Kxg2 gxh3+ 39. Rxh3 Rxa3 40. Nxb7
Rb3 41. Rxh5 Rxb4 42. Nxd6 Kg8 43. Ne8 Bh8 44. Kg3 Rb7 45. Rh4 Kf8 46. Nd6 Rd7
47. Bc5 Kg8 48. Rc4 Kf8 49. Ne4+ Kg8 50. Bd4 Kf7 51. f3 Bg7 52. Bc3 Ra7 53. Rc6
Rd7 54. Bxf6 Bf8 55. Be5 Rd1 56. Rc7+ Kg8 57. Nf6+ Kh8 58. Rxh7# {Black
checkmated} 1-0

[Event "Team 45 45 League T57"]
[Site "Internet Chess Club"]
[Date "2013.06.10"]
[Round "3"]
[White "mongmong"]
[Black "MinnArkie"]
[Result "0-1"]
[WhiteElo "1592"]
[BlackElo "1588"]
[Opening "Modern defense"]
[ECO "A40"]
[Time "19:00:42"]
[TimeControl "2700+45"]

1. d4 g6 2. c4 Bg7 3. Nf3 c5 4. d5 d6 5. Nc3 e6 6. e4 Ne7 7. Be2 O-O 8. O-O Nd7
9. Bd2 exd5 10. cxd5 f5 11. exf5 Nxf5 12. h3 Nf6 13. Bg5 h6 14. Bd2 Ne7 15. Qc1
g5 16. Bc4 Nh5 17. Nh2 Ng6 18. Be2 Nhf4 19. Bxf4 Nxf4 20. Bg4 Bxg4 21. Nxg4 h5
22. Qc2 hxg4 23. hxg4 Qd7 24. f3 Bd4+ 25. Kh2 Kg7 26. Kg3 Rh8 27. Rh1 Qe7 28.
Qf5 Raf8 29. Qe4 Qxe4 30. fxe4 Ne2+ 31. Nxe2 Bf2# {White checkmated} 0-1

[Event "Team 45 45 League T57"]
[Site "Internet Chess Club"]
[Date "2013.06.07"]
[Round "3"]
[White "jungleboy"]
[Black "Visin"]
[Result "0-1"]
[WhiteElo "1154"]
[BlackElo "1347"]
[Opening "QGD Slav defense: exchange variation"]
[ECO "D13"]
[Time "14:04:22"]
[TimeControl "2700+45"]

1. d4 d5 2. c4 c6 3. cxd5 cxd5 4. Nc3 Nf6 5. Nf3 Nc6 6. Bg5 e6 7. e3 Be7 8. Bd3
Nd7 9. Bf4 Nb4 10. Bb5 a6 11. Ba4 b5 12. Bb3 Nc6 13. a3 b4 14. Ne2 bxa3 15. bxa3
Qa5+ 16. Kf1 Nf6 17. Ng3 O-O 18. Qc1 Bd7 19. Bc2 Rfc8 20. Bg5 h6 21. Bxf6 Bxf6
22. Nh5 Be7 23. Qb1 Qb5+ 24. Qxb5 axb5 25. Bd3 b4 26. a4 b3 27. Ke2 Rcb8 28. e4
g6 29. exd5 gxh5 30. dxc6 Bxc6 31. Ne5 Bxa4 32. Be4 Bb5+ 33. Kf3 Rxa1 34. Rxa1
Be8 35. Ra7 Bf6 36. Nd7 Bxd7 37. Rxd7 b2 38. d5 b1=Q 39. Bxb1 Rxb1 40. Rd6 Rd1
41. Ke4 Rd4+ 42. Kf3 Rxd5 43. Rb6 Kg7 44. Rb3 Kg6 45. Ke2 h4 46. g3 hxg3 47.
fxg3 Bg7 48. g4 h5 49. gxh5+ Kxh5 50. Rh3+ Kg6 51. Rg3+ Kf6 52. Rf3+ Ke7 53. h4
Rh5 54. Rf4 Bf6 55. Rf2 Rxh4 56. Kf3 e5 57. Kg3 Ra4 58. Rf3 Ke6 59. Rb3 Be7 60.
Rb6+ Bd6 61. Kf3 f5 62. Ke3 f4+ 63. Kf3 e4+ 64. Kg2 Ra2+ 65. Kf1 e3 66. Rb1 f3
67. Re1 Bf4 68. Rb1 Rd2 69. Ke1 Bg3+ 70. Kf1 e2+ 71. Kg1 Rd1+ 72. Rxd1 exd1=Q#
{White checkmated} 0-1

[Event "Team 45 45 League T57"]
[Site "Internet Chess Club"]
[Date "2013.06.09"]
[Round "3"]
[White "houseofcook"]
[Black "BrerRabbit"]
[Result "1-0"]
[WhiteElo "1520"]
[BlackElo "1455"]
[Opening "Pirc: Ufimtsev-Pytel variation"]
[ECO "B07"]
[Time "14:03:31"]
[TimeControl "2700+45"]

1. e4 d6 2. d4 Nf6 3. Nc3 c6 4. Nf3 Bg4 5. h3 Bh5 6. Be3 e6 7. Be2 Be7 8. Nd2
Bxe2 9. Qxe2 O-O 10. O-O-O d5 11. e5 Nfd7 12. f4 b5 13. Rdg1 Nb6 14. g4 Nc4 15.
g5 g6 16. h4 Nxd2 17. Bxd2 Nd7 18. h5 Kg7 19. hxg6 hxg6 20. Rh6 Rh8 21. Rgh1 Qb6
22. Qh2 Rag8 23. Rxh8 {Black resigns} 1-0

[Event "Team 45 45 League T57"]
[Site "Internet Chess Club"]
[Date "2013.06.07"]
[Round "3"]
[White "otib2006"]
[Black "SirIvanhoe"]
[Result "1/2-1/2"]
[WhiteElo "1302"]
[BlackElo "1544"]
[Opening "Queen's pawn game"]
[ECO "D04"]
[Time "19:03:19"]
[TimeControl "2700+45"]

1. d4 d5 2. Nf3 Nf6 3. e3 c6 4. Bd3 Bg4 5. Nbd2 Nbd7 6. O-O e6 7. Qe2 c5 8. c3
Be7 9. a3 O-O 10. b4 c4 11. Bc2 b5 12. e4 dxe4 13. Nxe4 Rc8 14. Bg5 Nxe4 15.
Qxe4 Bf5 16. Bxe7 Qxe7 17. Qe2 Bxc2 18. Qxc2 Nf6 19. Rfe1 Nd5 20. a4 a6 21. axb5
axb5 22. Ra6 Ra8 23. Rea1 Qb7 24. Rxa8 Rxa8 25. Rxa8+ Qxa8 26. g3 Qa1+ 27. Kg2
Nxc3 28. Ng5 Nd5 29. Qxh7+ Kf8 30. Qh8+ Ke7 31. Qxg7 Qa8 32. Qxf7+ Kd6 33. Qxe6+
Kc7 34. Qe5+ Kd7 35. Qg7+ Kd6 36. Qe5+ Kd7 37. Qg7+ Ne7+ 38. Kg1 Qa1+ 39. Kg2
Qa8+ 40. Kh3 Qd5 41. Nf7 Qe6+ 42. Kg2 Qe4+ 43. f3 Qe2+ 44. Kh3 Qf1+ 45. Kg4 Qb1
46. Ne5+ Ke6 47. Qf7+ Kd6 48. Qf6+ Kd5 49. Qxe7 Kxd4 50. Nc6+ Kc3 51. Qe5+ Kb3
52. Qe3+ Ka4 53. Qa7+ Kb3 54. Nd4+ Kxb4 55. Nxb5 Qg6+ 56. Kh3 Qh6+ 57. Kg2 Qd2+
58. Kh3 Qh6+ 59. Kg2 Qd2+ 60. Kh3 Qh6+ {Game drawn by repetition} 1/2-1/2

[Event "Team 45 45 League T57"]
[Site "Internet Chess Club"]
[Date "2013.06.09"]
[Round "3"]
[White "sere"]
[Black "semperfi"]
[Result "0-1"]
[WhiteElo "1166"]
[BlackElo "1380"]
[Opening "French defense"]
[ECO "C11"]
[Time "09:00:11"]
[TimeControl "2700+45"]

1. e4 e6 2. Nc3 d5 3. d4 Nf6 4. Nf3 dxe4 5. Ng5 h6 6. Ngxe4 Bb4 7. Nxf6+ Qxf6 8.
Qd3 Nc6 9. Be3 O-O 10. Be2 Rd8 11. Rd1 b6 12. O-O Bb7 13. Nb5 Rd7 14. a3 Be7 15.
Qd2 Ne5 16. Qc3 Qg6 17. dxe5 Qxg2# {White checkmated} 0-1

[Event "Team 45 45 League T57"]
[Site "Internet Chess Club"]
[Date "2013.06.09"]
[Round "3"]
[White "LazyPeon"]
[Black "FlyingTiger"]
[Result "0-1"]
[WhiteElo "1755"]
[BlackElo "1842"]
[Opening "Benkö gambit accepted"]
[ECO "A58"]
[Time "16:00:24"]
[TimeControl "2700+45"]

1. d4 Nf6 2. c4 c5 3. d5 b5 4. cxb5 a6 5. bxa6 g6 6. Nc3 Bxa6 7. Nf3 Bg7 8. g3
d6 9. Bg2 Nbd7 10. Rb1 O-O 11. O-O Nb6 12. b3 Qc7 13. a4 Rfb8 14. Nd2 Nbd7 15.
Re1 Qa5 16. Qc2 Ne8 17. Bb2 Nc7 18. Rec1 Ne5 19. h3 Bb7 20. f4 Nd7 21. Nc4 Qa7
22. e4 Nb6 23. Na3 Ba6 24. Kh2 Qb7 25. Bf1 Bxf1 26. Rxf1 Na6 27. Ncb5 Nb4 28.
Qe2 Bxb2 29. Rxb2 Nc8 30. Nc4 Nb6 31. Rd1 Nxc4 32. Qxc4 Na6 33. e5 Nc7 34. exd6
Nxb5 35. Qxb5 Qxb5 36. axb5 exd6 37. Re2 Rxb5 38. Rd3 Kf8 39. Kg2 Ra1 40. Re4
Rb1 41. Ree3 Ra5 42. Rd2 Ra3 43. Rdd3 Ra2+ 44. Kf3 h5 45. g4 hxg4+ 46. hxg4 Rf1+
47. Ke4 Raf2 48. Rf3 f5+ 49. gxf5 gxf5+ 50. Ke3 Rxf3+ {White resigns} 0-1

[Event "Team 45 45 League T57"]
[Site "Internet Chess Club"]
[Date "2013.06.11"]
[Round "3"]
[White "rom1"]
[Black "Buford-Julep"]
[Result "0-1"]
[WhiteElo "1523"]
[BlackElo "1741"]
[Opening "Queen's gambit accepted"]
[ECO "D20"]
[Time "14:00:15"]
[TimeControl "2700+45"]

1. d4 d5 2. c4 dxc4 3. Nc3 a6 4. a4 e5 5. Nf3 exd4 6. Qxd4 Qxd4 7. Nxd4 c5 8.
Nf3 Nc6 9. e4 Nb4 10. Nd5 Nc2+ 11. Kd1 Nxa1 12. Nc7+ Kd8 13. Nxa8 Be6 14. Nb6
Nb3 15. Nxc4 Nxc1 16. Kxc1 Nf6 17. Be2 Nxe4 18. Rf1 Be7 19. Nfe5 Kc7 20. f3 Nd6
21. Rd1 Bg5+ 22. Kb1 Rd8 23. g3 Nxc4 24. Rxd8 Nxe5 25. Rd1 Bf6 26. f4 Nc4 27. g4
Nxb2 28. Bf3 Nxd1 {White resigns} 0-1

[Event "Team 45 45 League T57"]
[Site "Internet Chess Club"]
[Date "2013.06.09"]
[Round "3"]
[White "pauliewoll"]
[Black "rayfincle"]
[Result "1-0"]
[WhiteElo "1605"]
[BlackElo "1441"]
[Opening "French: Tarrasch, closed variation"]
[ECO "C05"]
[Time "10:00:37"]
[TimeControl "2700+45"]

1. e4 e6 2. d4 d5 3. Nd2 Nf6 4. e5 Nfd7 5. Bd3 c5 6. c3 Nc6 7. Ne2 Qb6 8. Nf3
Be7 9. O-O f6 10. Nf4 Nd8 11. exf6 Nxf6 12. Ne5 O-O 13. a4 Nc6 14. Nxc6 bxc6 15.
Re1 c4 16. Nxe6 cxd3 17. Nxf8 Bxf8 18. Qxd3 Ba6 19. Qf5 Qc7 20. Bf4 Bd6 21. Qe6+
Kh8 22. Bxd6 Qd8 23. Qe7 Qg8 24. Qc7 Qc8 25. Re7 Qxc7 26. Bxc7 Kg8 27. Rae1 Kf8
28. Bd6 Kg8 29. Bc5 {Black resigns} 1-0

[Event "Team 45 45 League T57"]
[Site "Internet Chess Club"]
[Date "2013.06.08"]
[Round "3"]
[White "Berke"]
[Black "SirIvanhoe"]
[Result "1/2-1/2"]
[WhiteElo "1618"]
[BlackElo "1547"]
[Opening "Caro-Kann: Panov-Botvinnik, normal variation"]
[ECO "B13"]
[Time "13:00:36"]
[TimeControl "2700+45"]

1. e4 c6 2. d4 d5 3. exd5 cxd5 4. c4 Nf6 5. Nc3 Nc6 6. Bg5 e6 7. Nf3 Be7 8. Be2
O-O 9. O-O dxc4 10. Bxc4 Nd5 11. Bxe7 Ncxe7 12. Rc1 b6 13. Qe2 Bb7 14. Rfd1 Rc8
15. Bb3 a6 16. Bc2 g6 17. Ne4 Nf5 18. Ng3 Nxg3 19. hxg3 Nb4 20. a3 Nxc2 21. Rxc2
Rxc2 22. Qxc2 Qc8 23. Qxc8 Rxc8 24. Rd2 {Game drawn by mutual agreement} 1/2-1/2

[Event "Team 45 45 League T57"]
[Site "Internet Chess Club"]
[Date "2013.06.06"]
[Round "3"]
[White "ScotchYeti"]
[Black "room-matt"]
[Result "1/2-1/2"]
[WhiteElo "1685"]
[BlackElo "1759"]
[Opening "Ruy Lopez"]
[ECO "C70"]
[Time "15:37:20"]
[TimeControl "2700+45"]

1. e4 e5 2. Nf3 Nc6 3. Bb5 a6 4. Ba4 Qf6 5. O-O Bc5 6. d3 d6 7. Nc3 Ne7 8. Bg5
Qg6 9. Bxe7 Kxe7 10. Qd2 Bg4 11. Kh1 Kf8 12. Ng1 Nd4 13. f3 Be6 14. Nce2 b5 15.
Nxd4 Bxd4 16. Bb3 Bxb2 17. Rab1 Bd4 18. Ne2 Bb6 19. f4 Bxb3 20. cxb3 Qh6 21. Qc2
Qe6 22. Qc6 Re8 23. Nc3 f6 24. Nd5 exf4 25. Rxf4 Qe5 26. Rbf1 Kg8 27. Rf5 Qe6
28. Rc1 h6 29. Nxb6 cxb6 30. Qxb6 Kh7 31. Rd5 Rc8 32. Rdc5 Rxc5 33. Rxc5 Rc8 34.
Rc6 Qg4 35. h3 Qd1+ 36. Kh2 Rxc6 37. Qxc6 Qxd3 38. Qxa6 Qxe4 39. Qxd6 {Game
drawn by mutual agreement} 1/2-1/2

[Event "Team 45 45 League T57"]
[Site "Internet Chess Club"]
[Date "2013.06.10"]
[Round "3"]
[White "chrisgianno"]
[Black "cBishop"]
[Result "1-0"]
[WhiteElo "1741"]
[BlackElo "1647"]
[Opening "Torre attack (Tartakower variation)"]
[ECO "D03"]
[Time "12:26:18"]
[TimeControl "2700+45"]

1. d4 d5 2. Nf3 Nf6 3. Bg5 Nbd7 4. e3 e6 5. Bd3 Be7 6. O-O h6 7. Bf4 c5 8. c3
O-O 9. Nbd2 b6 10. Ne5 Nxe5 11. dxe5 Nd7 12. Qh5 Bg5 13. Bg3 f5 14. exf6 Nxf6
15. Qe2 Nd7 16. f4 Bh4 17. Qg4 Bxg3 18. Qxe6+ Kh8 19. hxg3 Nf6 20. Qc6 Bd7 21.
Qd6 Rc8 22. f5 Rc6 23. Qf4 c4 24. Bc2 Qc7 25. Qxc7 Rxc7 26. e4 dxe4 27. Nxe4 Ng4
28. Rae1 Rxf5 29. Rf3 g6 30. Nd6 Rd5 31. Re7 Kg8 32. Ne8 Rcc5 33. Rg7+ Kh8 34.
Rf8# {Black checkmated} 1-0

[Event "Team 45 45 League T57"]
[Site "Internet Chess Club"]
[Date "2013.06.07"]
[Round "3"]
[White "birk113"]
[Black "oldway"]
[Result "1/2-1/2"]
[WhiteElo "1560"]
[BlackElo "1583"]
[Opening "Ruy Lopez: closed (10...c5)"]
[ECO "C96"]
[Time "14:11:49"]
[TimeControl "2700+45"]

1. e4 e5 2. Nf3 Nc6 3. Bb5 a6 4. Ba4 Nf6 5. O-O Be7 6. Re1 b5 7. Bb3 O-O 8. c3
d6 9. h3 Na5 10. Bc2 c5 11. d4 cxd4 12. cxd4 Nc6 13. Nc3 Bb7 14. a3 Qc7 15. d5
Nb8 16. Ne2 Nbd7 17. Ng3 Nb6 18. Nf5 Rac8 19. Nxe7+ Qxe7 20. Nh4 Rc7 21. Nf5 Qd8
22. b3 Bc8 23. Be3 Rb7 24. Ng3 Qe7 25. Rc1 Bd7 26. Bb1 Rc8 27. Qf3 Na8 28. Nf5
Bxf5 29. Qxf5 Rxc1 30. Rxc1 Rc7 31. Qf3 Rxc1+ 32. Bxc1 Qc7 33. Bd2 Nb6 34. Qe3
Nbd7 35. f4 h6 36. fxe5 Nxe5 37. Be1 Nfd7 38. Qc3 Qxc3 39. Bxc3 Ng6 40. Bb4 Nc5
41. Bc2 f6 42. Kf2 Ne5 43. Ke3 Kf7 44. Kd4 Nb7 45. a4 a5 46. Be1 b4 47. Bg3 Ke7
48. Bxe5 fxe5+ 49. Kc4 Kd7 50. Bd1 Kc7 51. h4 Kb6 52. g4 Nc5 53. Bf3 {Game drawn
by mutual agreement} 1/2-1/2

[Event "Team 45 45 League T57"]
[Site "Internet Chess Club"]
[Date "2013.06.08"]
[Round "3"]
[White "Signalman"]
[Black "Gilguli"]
[Result "1/2-1/2"]
[WhiteElo "1589"]
[BlackElo "1384"]
[Opening "Queen's bishop game"]
[ECO "D00"]
[Time "09:33:56"]
[TimeControl "2700+45"]

1. d4 d5 2. Bf4 Nf6 3. Nf3 Nc6 4. c3 Bg4 5. Nbd2 e6 6. e3 Bd6 7. h3 Bh5 8. Bxd6
Qxd6 9. Be2 e5 10. g4 Bg6 11. Nh4 exd4 12. Nxg6 hxg6 13. exd4 O-O-O 14. Nf3 Nxg4
15. Qd3 Rde8 16. Rg1 Nf6 17. Ng5 Nd8 18. O-O-O Qf4+ 19. Rd2 Ne4 20. Nxe4 dxe4
21. Qe3 Qxe3 22. fxe3 Re6 23. Bc4 Rf6 24. Rh2 Rf3 25. h4 Rxe3 26. Be2 Rxe2 27.
Rxe2 Rxh4 28. Kd2 Ne6 29. Rf2 f5 30. Rxg6 f4 31. Rxe6 e3+ 32. Rxe3 fxe3+ 33.
Kxe3 Rg4 34. Rf4 Rg2 35. Rf2 Rg1 36. Rf7 Kd8 37. Ke4 Rg2 38. a4 Rxb2 39. Rxg7
Ra2 40. Rg8+ Kd7 41. Rg7+ Kd6 42. Rg6+ Kd7 43. Rg7+ {Game drawn by mutual
agreement} 1/2-1/2

[Event "Team 45 45 League T57"]
[Site "Internet Chess Club"]
[Date "2013.06.11"]
[Round "3"]
[White "steadman"]
[Black "imgr8"]
[Result "1/2-1/2"]
[WhiteElo "2145"]
[BlackElo "2107"]
[Opening "Queen's pawn game"]
[ECO "D02"]
[Time "17:13:35"]
[TimeControl "2700+45"]

1. d4 d5 2. Nf3 e6 3. c4 c5 4. g3 Nc6 5. cxd5 exd5 6. Bg2 Nf6 7. O-O Be7 8. b3
O-O 9. Bb2 Re8 10. Nc3 Bg4 11. dxc5 Bxc5 12. Rc1 Rc8 13. h3 Bxf3 14. Bxf3 Nd4
15. Bg2 Nf5 16. Qd3 Ne4 17. Nxe4 dxe4 18. Bxe4 Qxd3 19. Bxd3 Nxg3 20. Rxc5 Nxe2+
21. Bxe2 Rxc5 22. Bf3 Rc2 23. Bd4 Rxa2 24. Bxb7 h6 25. Rc1 a5 26. Rc7 Rae2 27.
Be3 Re5 28. Ba6 Rb2 29. Bc4 Kh7 30. Rxf7 Rb1+ 31. Kg2 Rd1 32. Be2 Rd8 33. h4 Kg6
34. Ra7 h5 35. Bc4 Rd1 36. Bf7+ Kh7 37. Bg5 Rd3 38. Bxh5 Rxb3 39. Bd1 Rb6 40.
Bc2+ Kg8 41. Be3 Rb4 42. Kg3 Kf8 43. Bf4 Rd5 44. Bg6 Rb6 45. h5 Rb3+ 46. Kg2 Rb6
47. Ra8+ Ke7 48. Re8+ Kf6 49. Rf8+ Ke6 50. Rf7 Rd7 51. Rf8 Ke7 52. Ra8 Rd5 53.
Be3 Rbd6 54. Kg3 Rb5 55. Bf4 Rd8 56. Ra6 Rd4 57. f3 Rd1 58. Kg4 Rd4 59. Be4 a4
60. Bg5+ Kf7 61. Ra7+ Kf8 62. Be3 Rc4 63. h6 gxh6 64. Bxh6+ Ke8 65. Kg3 Rb6 66.
Be3 Rd6 67. Bf4 Rb6 68. Bg5 Rcb4 69. Bd5 R4b5 70. Re7+ Kf8 71. Rf7+ Ke8 72. Rf5
Kd7 73. Bf4 a3 74. Rf7+ {Game drawn by mutual agreement} 1/2-1/2